 Dungeon Sprint DCSS version 0.30-a0-920-g7493c07aab (webtiles) character file.

Game seed: 2585894427863919222

567 dialectric the Unseen (level 7, -4/39 HPs)
             Began as a Spriggan Brigand on Mar 21, 2023.
             Slain by a neqoxec (12 damage)
             ... in the Dungeon (Sprint II: "The Violet Keep of Menkaure").
             The game lasted 00:00:55 (124 turns).

dialectric the Unseen (Spriggan Brigand)             Turns: 124, Time: 00:00:56

Health: -4/39      AC:  3    Str:  7      XL:     7   Next: 11%
Magic:  8/8        EV: 19    Int:  9 (13) God:
Gold:   486        SH:  0    Dex: 18      Spells: 6/6 levels left

rFire   . . .      SeeInvis +    a - +2 dagger
rCold   . . .      Faith    .    (no shield)
rNeg    . . .      Spirit   .    b - +0 robe
rPois   .          Reflect  .    (helmet restricted)
rElec   .          Rampage  .    c - +0 cloak
rCorr   .          NoTele   +    (gloves unavailable)
Will    +....                    (boots unavailable)
Stlth   +++++++                  (no amulet)
HPRegen 0.26/turn                (no ring)
MPRegen 0.11/turn                (no ring)

@: very quick
A: very small, no large weapons, unfitting armour, see invisible, speed 3
a: no special abilities


You were in the Dungeon.
You visited 1 branch You collected 486 gold pieces.

Inventory:

Hand Weapons
 a - a +2 dagger (weapon)
Missiles
 d - 9 poisoned darts (quivered)
Armour
 b - a +0 robe (worn)
 c - a +0 cloak (worn)
Scrolls
 k - a scroll of blinking
Potions
 f - a potion of curing
 h - a potion of haste
 i - 2 potions of magic


   Skills:
 + Level 5.0 Fighting
 + Level 7.0 Short Blades
 - Level 2.0 Throwing
 + Level 4.9 Dodging
 + Level 19.1 Stealth


You had 6 spell levels left.
You didn't know any spells.
Your spell library was empty.

Dungeon Overview and Level Annotations

Branches:
Dungeon (1/1)

Altars:


Innate Abilities, Weirdness & Mutations

You are very small and have problems with some larger weapons.
You are too small for most types of armour.
You have supernaturally acute eyesight. (SInv)
You cover ground extremely quickly. (Speed+++)


Message History

The neqoxec closely misses you.
You hit the neqoxec.
The neqoxec is moderately wounded.
You hit the neqoxec.
The neqoxec is heavily wounded.
The neqoxec closely misses you. The neqoxec gestures at you.
You feel dopey. Something feeds on your intellect!
You hit the neqoxec.
The neqoxec is heavily wounded.
The neqoxec gestures at you.
Something tries to feed on your intellect!
You hit the neqoxec.
The neqoxec is heavily wounded.
You barely miss the neqoxec.
The neqoxec is heavily wounded.
The neqoxec gestures at you.
You feel dopey. Something feeds on your intellect! The neqoxec misses you.
You hit the neqoxec but do no damage.
The neqoxec is heavily wounded.
You barely miss the neqoxec.
The neqoxec is heavily wounded.
The neqoxec hits you.
You closely miss the neqoxec.
The neqoxec is heavily wounded.
The neqoxec hits you but does no damage.
You hit the neqoxec.
The neqoxec is heavily wounded.
You hit the neqoxec.
The neqoxec is heavily wounded.
The neqoxec hits you!
* * * LOW HITPOINT WARNING * * *
You hit the neqoxec but do no damage.
The neqoxec is heavily wounded.
You hit the neqoxec.
The neqoxec is severely wounded.
The neqoxec hits you!
You die...

.. .. ## ##.#### l#
#l ...# ## .#.
###..##
##.###+###.##..#
#...##.##...#..#
+.#.'.<.†##.'..#
#.).##@##...#....#
##.###3###.##..§§..~
##


333 ###~~.§...~# .##.. ~~§§~..~# ## ### ~~~~§~.~# ~≈≈≈§§§~§# §≈≈§~~§ You could
see 4 neqoxecs.

Vanquished Creatures
  A merfolk siren (D)
  Menkaure (D)
  4 necrophages (D)
6 creatures vanquished.

Notes
Turn   | Place    | Note
-------+----------+-------------------------------------------
     0 | D        | dialectric the Spriggan Brigand began the quest for the
                  | Orb.
     0 | D        | Reached XP level 1. HP: 10/10 MP: 2/2
     1 | D        | Noticed a merfolk siren
     4 | D        | Noticed a wyvern
     4 | D        | Noticed a wyvern
     7 | D        | Noticed a necrophage
     7 | D        | Noticed a necrophage
     7 | D        | Noticed a necrophage
     7 | D        | Noticed a necrophage
    14 | D        | Killed a necrophage
    15 | D        | Reached skill level 11 in Stealth
    15 | D        | Reached XP level 2. HP: 5/16 MP: 3/3
    15 | D        | Reached XP level 3. HP: 6/19 MP: 4/4
    19 | D        | Killed a necrophage
    20 | D        | Reached skill level 13 in Stealth
    20 | D        | Reached XP level 4. HP: 9/24 MP: 5/5
    24 | D        | Killed a necrophage
    25 | D        | Reached skill level 14 in Stealth
    25 | D        | Reached XP level 5. HP: 8/28 MP: 6/6
    30 | D        | Reached skill level 5 in Short Blades
    30 | D        | Reached skill level 16 in Stealth
    56 | D        | Noticed Menkaure
    58 | D        | Killed Menkaure
    86 | D        | Killed a merfolk siren
    87 | D        | Reached skill level 5 in Fighting
    87 | D        | Reached skill level 19 in Stealth
    87 | D        | Reached XP level 6. HP: 35/35 MP: 7/7
    87 | D        | Reached XP level 7. HP: 39/39 MP: 8/8
    92 | D        | Noticed a neqoxec
    92 | D        | Noticed a neqoxec
    92 | D        | Noticed a neqoxec
    92 | D        | Noticed a neqoxec
   124 | D        | Slain by a neqoxec

Illustrated notes

Levels and vault maps discovered:
D:        the_violet_keep_of_menkaure [sprint2_stairs_cluster_1,
          sprint2_shoproom, sprint2_temple, sprint2_basic_supplies,
          sprint2_obstacle_7, sprint2_obstacle_5, sprint2_obstacle_6,
          sprint2_obstacle_4, sprint2_obstacle_3, sprint2_timed_cluster_1,
          sprint2_smallroom_cluster_1, sprint2_smallroom_final_cluster_1,
          sprint2_transparent_cluster_1, sprint2_second_timed_cluster_1,
          sprint2_sniper_area_1, sprint2_heavy_combat_area_1,
          sprint2_mutation_trap_area_1, sprint2_forest_area_1,
          sprint2_light_combat_area_1, sprint2_behind_water_1,
          sprint2_near_end_vault_1]

Skill      XL: |  1  2  3  4  5 |
---------------+----------------+-----
Fighting       | 2 3 5 |  5.0
Short Blades   | 3 4 7 |  7.0
Dodging        | 2 3 4 |  4.9
Stealth        | 11 13 14 19 | 19.1
Throwing       | |  2.0

Action                     |  1- 3 |  4- 6 |  7- 9 || total
---------------------------+-------+-------+-------++-------
  Melee: Dagger            |    10 |    23 |    32 ||    65
  Throw: Dart              |       |     3 |       ||     3
    Use: Potion            |     1 |     1 |       ||     2
 Armour: Robe              |     1 |       |     1 ||     2
  Dodge: Dodged            |     2 |     5 |    11 ||    18

Table legend: (Time is in decaauts)
 A = Elapsed time spent in this place.
 B = Non-inter-level travel time spent in this place.
 C = Inter-level travel time spent in this place.
 D = Time resting spent in this place.
 E = Time spent auto-exploring this place.
 F = Levels seen in this place.
 G = Mean time per level.
                   A        B        C        D        E       F      G
               +--------+--------+--------+--------+--------+-----+--------+
         Total |    103 |    103 |      0 |     32 |      0 |   1 |  103.0 |
       Dungeon |    103 |    103 |      0 |     32 |      0 |   1 |  103.0 |
               +--------+--------+--------+--------+--------+-----+--------+

Top non-repeatable levels by time:
       D: 103 daAuts
